[Event "Titled Tuesday Blitz May 4 2021"]
[White "Nastore, Pavel-Alexandru"]
[Black "Mikhalsky, Vladimir"]
[WhiteFideId "1255002"]
[BlackFideId "14144352"]
[WhiteElo "1809"]
[BlackElo "2280"]
[Result "0-1"]
[Round "02"]
[TimeControl "180+1"]
[Date "2021.05.04"]
[WhiteClock "0:00:02"]
[BlackClock "0:00:32"]

1. c4 c5 2. Nf3 Nf6 3. Nc3 d5 4. cxd5 Nxd5 5. d4 Nxc3 6. bxc3 g6 7. e4 Bg7 8. Rb1 O-O 9. h3 Nc6 10. d5 Ne5 11. Nxe5 Bxe5 12. Qb3 e6 13. Bc4 b5 14. Bxb5 Rb8 15. Qc2 a6 16. Bc4 Rxb1 17. Qxb1 Bxc3+ 18. Ke2 exd5 19. Bxd5 a5 20. Be3 Ba6+ 21. Kf3 Be5 22. g3 Kh8 23. Kg2 f5 24. f4 fxe4 25. Qxe4 Bg7 26. Rd1 Re8 27. Bf7 Bb7 28. Qxb7 Qxd1 29. Bxe8 Qe2+ 30. Kh1 Qxe3 31. Bc6 Bd4 32. Qb1 Qxg3 33. Bg2 Qxf4 34. Qb7 Qc1+ 35. Kh2 Be5# 0-1


[Site "https://www.chess.com"]

[Event "Titled Tuesday Blitz May 4 2021"]
[White "Navalgund, Niranjan"]
[Black "Gaboyan, Susanna"]
[WhiteFideId "5030854"]
[BlackFideId "13303627"]
[WhiteElo "2290"]
[BlackElo "2135"]
[Result "1-0"]
[Round "02"]
[TimeControl "180+1"]
[Date "2021.05.04"]
[WhiteClock "0:01:23"]
[BlackClock "0:00:02"]

1. e4 c5 2. d4 cxd4 3. c3 d3 4. Bxd3 Nc6 5. c4 d6 6. Nf3 g6 7. O-O Bg7 8. Nc3 Bg4 9. Bd2 Nf6 10. Rc1 O-O 11. b3 Rc8 12. Nd5 Nd7 13. h3 Bxf3 14. Qxf3 Nde5 15. Qg3 Nd4 16. Bc3 Ndf3+ 17. gxf3 Nxd3 18. Rc2 Ne5 19. f4 Nc6 20. Rd1 Bxc3 21. Rxc3 Qa5 22. b4 Qa4 23. b5 Qxd1+ 24. Kh2 Nd4 25. Rd3 Qa1 26. Qe3 e5 27. fxe5 dxe5 28. Qh6 f5 29. Ne7+ Kf7 30. Qxh7+ Ke6 31. exf5+ gxf5 32. Nxc8 Rxc8 33. Rg3 Rxc4 34. Rg6+ Kd5 35. Qxb7+ Nc6 36. Qd7+ Ke4 37. Rxc6 Qxa2 38. Kg2 Rd4 39. Qh7 Rd2 40. Qh4+ Kd5 41. Rc7 Qb1 42. Rd7+ Ke6 43. Rxd2 1-0


[Site "https://www.chess.com"]

[Event "Titled Tuesday Blitz May 4 2021"]
[White "Nazaretyan, Tigran"]
[Black "Sargissyan, Sargis"]
[WhiteFideId "24162345"]
[BlackFideId "13303210"]
[WhiteElo "2276"]
[BlackElo "2174"]
[Result "1-0"]
[Round "02"]
[TimeControl "180+1"]
[Date "2021.05.04"]
[WhiteClock "0:01:10"]
[BlackClock "0:00:03"]

1. d4 Nf6 2. c4 g6 3. Nc3 d5 4. Nf3 Bg7 5. Bg5 Ne4 6. Bh4 Nxc3 7. bxc3 c6 8. e3 O-O 9. Qb3 f6 10. Be2 dxc4 11. Bxc4+ Kh8 12. a4 Nd7 13. a5 Qc7 14. O-O e5 15. Bg3 Re8 16. Rfd1 Qd8 17. dxe5 fxe5 18. Bf7 Re7 19. Bh4 Qf8 20. Bxe7 Qxe7 21. Qe6 Qf8 22. Rxd7 Bxd7 23. Qxd7 Rd8 24. Qxb7 Qc5 25. Qb3 Qd6 26. g3 c5 27. e4 Qd3 28. Ng5 Qd2 29. Ne6 Rc8 30. Nxg7 Kxg7 31. Bd5 Rf8 32. Rf1 h5 33. h4 g5 34. Qb7+ Kh8 35. Qe7 Rf3 36. Qxe5+ Kh7 37. Qxg5 Qxg5 38. hxg5 Rxc3 39. Kg2 Ra3 40. f4 Rxa5 41. f5 Ra4 42. f6 c4 43. f7 1-0


[Site "https://www.chess.com"]

[Event "Titled Tuesday Blitz May 4 2021"]
[White "Nefedov, Sergey"]
[Black "Tabatabaei, M. Amin"]
[WhiteFideId "24113417"]
[BlackFideId "12521213"]
[WhiteElo "2385"]
[BlackElo "2555"]
[Result "0-1"]
[Round "02"]
[TimeControl "180+1"]
[Date "2021.05.04"]
[WhiteClock "0:00:01"]
[BlackClock "0:01:43"]

1. d4 Nf6 2. Nf3 g6 3. c4 c5 4. d5 b5 5. cxb5 a6 6. b6 d6 7. Nc3 Nbd7 8. e4 Bg7 9. Bd3 Nxb6 10. O-O Bg4 11. a4 O-O 12. h3 Bxf3 13. Qxf3 Qc7 14. Qe2 Qb7 15. f4 Rfc8 16. a5 c4 17. Bc2 Nbd7 18. Kh2 Nc5 19. e5 Nxd5 20. exd6 Nxc3 21. bxc3 exd6 22. Rb1 Qc7 23. Qxc4 Qxa5 24. f5 Qxc3 25. Qxc3 Bxc3 26. fxg6 hxg6 27. Be3 Be5+ 28. Kg1 a5 29. Bxc5 dxc5 30. Rbe1 Bd4+ 31. Kh1 Rc7 32. Bb3 c4 33. Ba2 c3 34. Re4 c2 35. Rxd4 c1=Q 36. Rxc1 Rxc1+ 37. Kh2 Rc7 38. Ra4 Kg7 39. Kg3 Raa7 40. h4 Rcb7 41. Kh3 Rb4 42. Ra3 a4 43. g4 Rab7 44. Kg2 Rc7 45. Kg3 Rcb7 46. Kg2 Rxg4+ 47. Kh3 Rgb4 0-1


[Site "https://www.chess.com"]

[Event "Titled Tuesday Blitz May 4 2021"]
[White "Nesterov, Arseniy"]
[Black "Pantzar, Milton"]
[WhiteFideId "24198455"]
[BlackFideId "1721003"]
[WhiteElo "2441"]
[BlackElo "2323"]
[Result "0-1"]
[Round "02"]
[TimeControl "180+1"]
[Date "2021.05.04"]
[WhiteClock "0:00:01"]
[BlackClock "0:00:10"]

1. d4 d5 2. c4 e6 3. Nf3 c5 4. cxd5 exd5 5. Nc3 Nf6 6. g3 Nc6 7. Bg2 cxd4 8. Nxd4 Bc5 9. Nb3 Bb6 10. O-O d4 11. Na4 O-O 12. Bg5 Re8 13. Re1 h6 14. Bxf6 Qxf6 15. Nxb6 axb6 16. Bxc6 bxc6 17. Qxd4 Qd8 18. Qc3 c5 19. Rad1 Qe7 20. Nc1 Bh3 21. a3 Ra4 22. f3 Rd8 23. Rxd8+ Qxd8 24. Nd3 Bf5 25. e4 Bc8 26. b4 Ba6 27. Nf2 cxb4 28. axb4 Qe7 29. Rb1 Ra2 30. b5 Bb7 31. Rb2 Ra1+ 32. Kg2 Qe8 33. Qc7 Bc8 34. Rd2 Kh7 35. Rd8 Qxb5 36. Nd3 Be6 0-1


[Site "https://www.chess.com"]

[Event "Titled Tuesday Blitz May 4 2021"]
[White "Nouri, Alekhine"]
[Black "Albuquerque Junior,Wellington S."]
[WhiteFideId "5216184"]
[BlackFideId "2151480"]
[WhiteElo "1894"]
[BlackElo "2042"]
[Result "1-0"]
[Round "02"]
[TimeControl "180+1"]
[Date "2021.05.04"]
[WhiteClock "0:00:22"]
[BlackClock "0:00:01"]

1. e4 c5 2. Nc3 e6 3. f4 Nc6 4. Nf3 Nge7 5. e5 Nf5 6. Ne4 d5 7. exd6 b6 8. Bb5 Bd7 9. Qe2 Nxd6 10. Nxd6+ Bxd6 11. d3 O-O 12. O-O a6 13. Ba4 b5 14. Bb3 Na5 15. Bd2 Nxb3 16. axb3 Bc6 17. Ne5 Bb7 18. Rae1 Qc7 19. Qg4 f5 20. Qh4 Rae8 21. Nf3 Bxf3 22. Rxf3 e5 23. fxe5 Bxe5 24. c3 Bf6 25. Qf2 g6 26. Bf4 Rxe1+ 27. Qxe1 Qe7 28. Re3 Qd7 29. Bh6 Rd8 30. h3 Kf7 31. Qe2 b4 32. Kh1 Re8 33. d4 Rxe3 34. Bxe3 bxc3 35. bxc3 cxd4 36. cxd4 Qb5 37. Qc2 Be7 38. Qc7 Qxb3 39. Bg5 Qe6 40. d5 Qe1+ 41. Kh2 Ke8 42. Bf4 Qb4 43. Qc8+ Kf7 44. Qe6+ Kf8 45. Be5 Qc4 46. Qd7 Qe4 47. Bb8 f4 48. Qc8+ Kf7 49. Qb7 Ke8 50. Qc6+ 1-0


[Site "https://www.chess.com"]

[Event "Titled Tuesday Blitz May 4 2021"]
[White "Novikova, Galina"]
[Black "AwareIdea"]
[WhiteFideId "4157095"]
[WhiteElo "1966"]
[BlackElo "2523"]
[Result "0-1"]
[Round "02"]
[TimeControl "180+1"]
[Date "2021.05.04"]
[WhiteClock "0:00:52"]
[BlackClock "0:01:06"]

1. e4 e5 2. Nf3 Nc6 3. d4 exd4 4. Nxd4 Nf6 5. Nc3 Bb4 6. Nxc6 bxc6 7. Bd3 O-O 8. O-O Re8 9. Bg5 Rb8 10. Qf3 Bd6 11. Nd1 Be5 12. c3 d6 13. Rb1 h6 14. Bh4 c5 15. Ne3 Kh7 16. Qd1 g5 17. Bg3 Be6 18. f4 gxf4 19. Bxf4 Bxa2 20. Nf5 Bxb1 21. Bxb1 Bxf4 22. Rxf4 Re5 23. Rh4 Ng8 24. Qh5 Qf6 25. Rg4 Rxb2 26. Bd3 a5 27. Rg7+ Qxg7 28. Nxg7 Rxh5 29. Nxh5 a4 30. e5+ Kh8 31. exd6 cxd6 32. Bc4 a3 0-1


[Site "https://www.chess.com"]

[Event "Titled Tuesday Blitz May 4 2021"]
[White "Nozdrachev, Leonid"]
[Black "Onyshchuk, Volodymyr"]
[WhiteFideId "24113433"]
[BlackFideId "14114038"]
[WhiteElo "2246"]
[BlackElo "2605"]
[Result "0-1"]
[Round "02"]
[TimeControl "180+1"]
[Date "2021.05.04"]
[WhiteClock "0:00:01"]
[BlackClock "0:00:55"]

1. e4 d6 2. d4 Nf6 3. Nc3 g6 4. Nf3 Bg7 5. Be2 O-O 6. O-O a6 7. a4 Nc6 8. h3 e5 9. Be3 exd4 10. Nxd4 Re8 11. Nxc6 bxc6 12. Bd3 a5 13. Re1 Nd7 14. Qd2 Rb8 15. Rab1 Nc5 16. Bxc5 dxc5 17. b3 c4 18. bxc4 Rxb1 19. Rxb1 Be6 20. Qe1 Qd4 21. Ne2 Qc5 22. Nc1 Bxc4 23. Nb3 Bxb3 24. cxb3 Rd8 25. Bc4 Bd4 26. Qe2 Kg7 27. Qf3 Rd7 28. g3 h5 29. h4 Be5 30. Kg2 Qe7 31. Rd1 Bd4 32. Rd3 c5 33. Rd1 Rd6 34. Rd2 c6 35. Qd3 g5 36. Qf3 gxh4 37. Qxh5 Rg6 38. Qf3 hxg3 39. fxg3 Be5 40. g4 Bd4 41. Kf1 Rf6 42. Rd3 Qxe4 43. Kg2 Rxf3 44. Rxf3 f6 45. Kg3 Be5+ 46. Kg2 Qxg4+ 47. Kf2 Bd4+ 48. Ke2 Qe4+ 0-1


[Site "https://www.chess.com"]

[Event "Titled Tuesday Blitz May 4 2021"]
[White "Obsivac, Josef"]
[Black "Abdusattorov, Nodirbek"]
[WhiteFideId "303690"]
[BlackFideId "14204118"]
[WhiteElo "2199"]
[BlackElo "2662"]
[Result "0-1"]
[Round "02"]
[TimeControl "180+1"]
[Date "2021.05.04"]
[WhiteClock "0:00:56"]
[BlackClock "0:01:57"]

1. d4 Nf6 2. c4 e6 3. Nf3 c5 4. d5 exd5 5. cxd5 d6 6. Nc3 g6 7. Nd2 Bg7 8. e4 O-O 9. Be2 Re8 10. O-O Nbd7 11. h3 a6 12. a4 b6 13. Ra3 Rb8 14. f4 c4 15. Kh2 b5 16. axb5 axb5 17. e5 dxe5 18. fxe5 Nxe5 19. Ra7 Qb6 20. Ra1 Bf5 21. Rxf5 gxf5 22. Nf1 b4 23. Na4 Qd6 24. Kh1 Qxd5 25. Qc2 Ne4 26. Be3 Nd3 27. Kg1 b3 28. Qd1 f4 29. Ba7 Ra8 0-1


[Site "https://www.chess.com"]

[Event "Titled Tuesday Blitz May 4 2021"]
[White "Oliveira, Silvio Eduardo"]
[Black "Dogan, Mire Deniz"]
[WhiteFideId "2111560"]
[BlackFideId "6317456"]
[WhiteElo "2302"]
[BlackElo "1850"]
[Result "1-0"]
[Round "02"]
[TimeControl "180+1"]
[Date "2021.05.04"]
[WhiteClock "0:01:21"]
[BlackClock "0:00:45"]

1. e4 e6 2. d4 d5 3. Nc3 dxe4 4. Nxe4 Nd7 5. Nf3 Ngf6 6. Nxf6+ Nxf6 7. Bd3 c5 8. Bg5 cxd4 9. Qe2 Be7 10. O-O-O Qa5 11. Kb1 O-O 12. h4 b5 13. Bxf6 Bxf6 14. Qe4 g6 15. Qxa8 Qb6 16. Qe4 Bb7 17. Qf4 Bg7 18. h5 Bd5 19. hxg6 fxg6 20. Qh4 h6 21. Qg4 e5 22. Qxg6 Qa5 23. Rxh6 e4 24. Qh7+ Kf7 25. Qf5+ Ke7 26. Qxd5 Bxh6 27. Ne5 exd3 28. Nc6+ Ke8 29. Qe6# 1-0


[Site "https://www.chess.com"]

[Event "Titled Tuesday Blitz May 4 2021"]
[White "Ozen, Bahadir"]
[Black "Moore, Nicholas"]
[WhiteFideId "6337058"]
[BlackFideId "4303709"]
[WhiteElo "2503"]
[BlackElo "2362"]
[Result "1-0"]
[Round "02"]
[TimeControl "180+1"]
[Date "2021.05.04"]
[WhiteClock "0:00:27"]
[BlackClock "0:00:20"]

1. g3 Nf6 2. Bg2 d5 3. Nf3 c6 4. O-O Bf5 5. d3 h6 6. b3 e6 7. Bb2 Nbd7 8. c4 Bh7 9. Nbd2 Bd6 10. a3 a5 11. Qc2 Qe7 12. e4 dxe4 13. dxe4 e5 14. Nh4 O-O 15. Rfe1 Bc5 16. Nf5 Qd8 17. Nf1 Re8 18. N1e3 Qb6 19. Rad1 Rad8 20. h3 Nf8 21. Rxd8 Qxd8 22. Rd1 Qc7 23. Qc3 N6d7 24. b4 axb4 25. axb4 Be7 26. c5 Ne6 27. h4 Bxf5 28. Nxf5 Bf6 29. Qc4 Ndf8 30. Bc3 Rd8 31. Rxd8 Qxd8 32. Bf3 Ng6 33. Nd6 Qc7 34. Bh5 Nh8 35. Bxf7+ Nxf7 36. Qxe6 Kf8 37. Qe8# 1-0


[Site "https://www.chess.com"]

[Event "Titled Tuesday Blitz May 4 2021"]
[White "Ozkan, Ervin"]
[Black "Skoberne, Jure"]
[WhiteFideId "6306004"]
[BlackFideId "14604299"]
[WhiteElo "2226"]
[BlackElo "2559"]
[Result "1-0"]
[Round "02"]
[TimeControl "180+1"]
[Date "2021.05.04"]
[WhiteClock "0:00:22"]
[BlackClock "0:00:09"]

1. d4 d6 2. Nf3 Nf6 3. Bf4 g6 4. h3 Bg7 5. e3 O-O 6. Be2 Nfd7 7. O-O e5 8. Bh2 Nc6 9. c4 h6 10. Nc3 f5 11. dxe5 dxe5 12. Qd5+ Kh7 13. Rfd1 Qe7 14. Qb5 a6 15. Qa4 Nb6 16. Qc2 e4 17. Nd4 Nxd4 18. exd4 c6 19. c5 Nd5 20. Bd6 Qe8 21. Nxd5 cxd5 22. Bxf8 Bxf8 23. Rac1 Bd7 24. Qb3 Bc6 25. Qg3 Rd8 26. b4 Rd7 27. b5 axb5 28. Rb1 Rf7 29. Qb3 f4 30. Bxb5 Qe6 31. Bxc6 bxc6 32. Qb8 e3 33. Rb7 exf2+ 34. Kxf2 Qe3+ 35. Kf1 Rxb7 36. Qxb7+ Bg7 37. Qb3 Qe6 38. Qd3 Bf6 39. a4 Bd8 40. Re1 Qd7 41. Qe2 Qf5 42. a5 Bh4 43. a6 Bxe1 44. Qe7+ Kg8 45. a7 Qd3+ 46. Kxe1 Qb1+ 47. Kf2 Qb2+ 48. Kg1 1-0


[Site "https://www.chess.com"]

[Event "Titled Tuesday Blitz May 4 2021"]
[White "Paasikangas, Johanna"]
[Black "Tokman, Ariel"]
[WhiteFideId "500879"]
[BlackFideId "117420"]
[WhiteElo "2136"]
[BlackElo "2345"]
[Result "0-1"]
[Round "02"]
[TimeControl "180+1"]
[Date "2021.05.04"]
[WhiteClock "0:00:01"]
[BlackClock "0:00:05"]

1. d4 e6 2. c4 Nf6 3. Nc3 Bb4 4. Qc2 d5 5. a3 Bxc3+ 6. Qxc3 Nc6 7. Nf3 Ne4 8. Qc2 O-O 9. e3 Na5 10. b3 c5 11. Bb2 cxd4 12. exd4 Nc6 13. Be2 Bd7 14. O-O Rc8 15. Rac1 Qf6 16. Bd3 Qf4 17. Rfe1 f5 18. Qe2 Na5 19. Ne5 Be8 20. b4 Nxc4 21. Nxc4 dxc4 22. Bxc4 Bf7 23. f3 Nf6 24. Bxe6 Rce8 25. Bxf7+ Rxf7 26. Qf2 Rfe7 27. Re5 Nd7 28. Rxe7 Rxe7 29. Rc8+ Kf7 30. Bc1 Qd6 31. Bg5 Re6 32. g3 Nb6 33. Bf4 Qd5 34. Rc7+ Re7 35. Rxe7+ Kxe7 36. Be5 Kf7 37. Qc2 Qd7 38. Qb3+ Nd5 39. f4 Kg6 40. Qc4 Qe6 41. Qd3 Kf7 42. Qd2 h6 43. Qd3 Nb6 0-1


[Site "https://www.chess.com"]

[Event "Titled Tuesday Blitz May 4 2021"]
[White "Pajeken, Jakob Leon"]
[Black "Shvedova, Alexandra"]
[WhiteFideId "12942839"]
[BlackFideId "54154782"]
[WhiteElo "2024"]
[BlackElo "1887"]
[Result "0-1"]
[Round "02"]
[TimeControl "180+1"]
[Date "2021.05.04"]
[WhiteClock "0:00:16"]
[BlackClock "0:00:20"]

1. d4 d5 2. Nf3 Nf6 3. c4 e6 4. e3 a6 5. Nc3 dxc4 6. Bxc4 b5 7. Bb3 Bb7 8. O-O Nbd7 9. e4 b4 10. e5 bxc3 11. exf6 cxb2 12. fxg7 Bxg7 13. Bxb2 O-O 14. Rb1 Nb6 15. Bc2 Qd5 16. Qd3 Qh5 17. d5 Bxd5 18. Bxg7 Kxg7 19. Qd4+ Kg8 20. Ne5 Rad8 21. Rb4 f5 22. Bb3 Bxb3 23. Qe3 Bd5 24. Qg3+ Kh8 25. Rh4 f4 26. Ng6+ hxg6 27. Rxh5+ gxh5 28. Qg6 Rf5 29. Qh6+ Kg8 30. g3 fxg3 31. hxg3 Rd7 32. Qg6+ Rg7 33. Qe8+ Kh7 34. Kh2 h4 35. gxh4 Rg2+ 36. Kh1 Rg8+ 0-1


[Site "https://www.chess.com"]

[Event "Titled Tuesday Blitz May 4 2021"]
[White "Palchuk, Andrii"]
[Black "Tang, Andrew"]
[WhiteFideId "14176688"]
[BlackFideId "2059630"]
[WhiteElo "2184"]
[BlackElo "2584"]
[Result "0-1"]
[Round "02"]
[TimeControl "180+1"]
[Date "2021.05.04"]
[WhiteClock "0:00:41"]
[BlackClock "0:01:11"]

1. d4 d5 2. Nf3 Nf6 3. c4 e6 4. Nc3 Be7 5. Bf4 O-O 6. e3 b6 7. Rc1 c5 8. dxc5 bxc5 9. Be2 Nc6 10. cxd5 Nxd5 11. Nxd5 exd5 12. O-O Be6 13. b3 Qb6 14. Ne5 Rfc8 15. Bf3 Rd8 16. Nxc6 Qxc6 17. Qd2 a5 18. Rfd1 Qb6 19. Qc2 a4 20. bxa4 Qa5 21. h3 Qxa4 22. Qxa4 Rxa4 23. Rd2 d4 24. exd4 cxd4 25. Bc6 Rxa2 26. Rxa2 Bxa2 27. Bc7 Rf8 28. Rd1 Bf6 29. Bb6 Bb3 30. Rd2 Rc8 31. Be4 Rc4 32. Kh2 g6 33. Bd5 Rc2 34. Rxc2 Bxc2 35. Bc4 d3 36. Ba5 Bg5 0-1


[Site "https://www.chess.com"]

[Event "Titled Tuesday Blitz May 4 2021"]
[White "Papasimakopoulos, Alexandros"]
[Black "Nakamura, Hikaru"]
[WhiteFideId "4244125"]
[BlackFideId "2016192"]
[WhiteElo "2352"]
[BlackElo "2900"]
[Result "0-1"]
[Round "02"]
[TimeControl "180+1"]
[Date "2021.05.04"]
[WhiteClock "0:00:53"]
[BlackClock "0:00:50"]

1. d4 Nf6 2. c4 g6 3. Nc3 Bg7 4. e4 d6 5. f3 O-O 6. Nge2 c5 7. d5 e6 8. Ng3 a6 9. a4 h5 10. Bg5 exd5 11. cxd5 Nbd7 12. Be2 Qc7 13. Qd2 c4 14. a5 Rb8 15. Ra2 Nc5 16. O-O Nb3 17. Qd1 Qc5+ 18. Rf2 Nh7 19. Bc1 Bd4 20. Nh1 Nxc1 21. Qxc1 Bd7 22. Na4 Bxa4 23. Rxa4 b5 24. axb6 Qxb6 25. Bxc4 Qxb2 26. Qxb2 Rxb2 27. g3 h4 28. Kf1 Rb1+ 29. Kg2 h3+ 30. Kxh3 Rxh1 31. Rd2 Bc5 32. Rxa6 Ng5+ 33. Kg4 Be3 34. Re2 Bc1 35. f4 Nxe4 36. Ra1 f5+ 37. Kh3 Rg1 38. Rg2 Rxg2 39. Kxg2 Bb2 40. Ra2 Bd4 41. Ra6 Bc5 42. Bd3 Rb8 43. Ra2 Nc3 44. Rc2 Nd1 45. Re2 Kf7 46. h4 Rb2 47. h5 Rxe2+ 48. Bxe2 Ne3+ 49. Kf3 gxh5 0-1


[Site "https://www.chess.com"]

[Event "Titled Tuesday Blitz May 4 2021"]
[White "Papp, Petra"]
[Black "Preotu, Razvan"]
[WhiteFideId "739049"]
[BlackFideId "2613280"]
[WhiteElo "2259"]
[BlackElo "2407"]
[Result "0-1"]
[Round "02"]
[TimeControl "180+1"]
[Date "2021.05.04"]
[WhiteClock "0:00:02"]
[BlackClock "0:00:26"]

1. e4 c5 2. Nf3 d6 3. d4 cxd4 4. Nxd4 Nf6 5. Nc3 a6 6. Bg5 e6 7. f4 Be7 8. Qf3 Qc7 9. O-O-O Nbd7 10. g4 h6 11. Bxf6 Bxf6 12. h4 Nb6 13. g5 Bxd4 14. Rxd4 Qc5 15. Rd1 Bd7 16. Qd3 hxg5 17. fxg5 Rxh4 18. Rxh4 Qxg5+ 19. Kb1 Qxh4 20. Qxd6 Bc6 21. Qc7 Rd8 22. Bd3 Nd7 23. Bxa6 Nc5 24. Rxd8+ Qxd8 25. Qxd8+ Kxd8 26. Bd3 Ke7 27. b4 Nxd3 28. cxd3 g5 29. b5 Bd7 30. a4 g4 31. Ne2 Kd6 32. d4 f5 33. exf5 exf5 34. Kc2 Kc7 35. Kd3 Kb6 36. Ke3 Ka5 37. Kf4 Kxa4 38. b6 Kb5 39. Ke5 Kxb6 40. Kd6 Bb5 41. Nf4 g3 42. d5 Bf1 43. Ke5 g2 44. Nxg2 Bxg2 45. Kxf5 Bxd5 0-1


[Site "https://www.chess.com"]

[Event "Titled Tuesday Blitz May 4 2021"]
[White "Perestjuk, Marko"]
[Black "Meneses Gonzalez, Kevin Moises"]
[WhiteFideId "1270254"]
[BlackFideId "2284502"]
[WhiteElo "2079"]
[BlackElo "2301"]
[Result "0-1"]
[Round "02"]
[TimeControl "180+1"]
[Date "2021.05.04"]
[WhiteClock "0:00:50"]
[BlackClock "0:00:33"]

1. e4 c5 2. Nf3 d6 3. Bb5+ Nd7 4. d4 cxd4 5. Qxd4 a6 6. Bxd7+ Bxd7 7. Bg5 Nf6 8. Bxf6 gxf6 9. Nc3 e6 10. O-O Rg8 11. g3 Bc6 12. Rad1 Be7 13. Rfe1 Qc7 14. Qe3 O-O-O 15. Nd5 Bxd5 16. exd5 e5 17. Nh4 Rg5 18. Qe4 Qd7 19. Rd3 f5 20. Qe3 Kb8 21. a4 f4 22. Qb6 Rc8 23. Re2 f5 24. Rb3 e4 25. Qxa6 f3 26. Rd2 f4 27. Qb5 Qxb5 28. axb5 Bd8 29. b6 e3 30. fxe3 fxe3 31. Rxe3 Bxb6 32. Kf2 Re5 33. Rd3 Rce8 0-1


[Site "https://www.chess.com"]

[Event "Titled Tuesday Blitz May 4 2021"]
[White "Piccoli, Lucas Fonseca"]
[Black "Homiakova, Elena"]
[WhiteFideId "2190788"]
[BlackFideId "13507761"]
[WhiteElo "1776"]
[BlackElo "2287"]
[Result "1-0"]
[Round "02"]
[TimeControl "180+1"]
[Date "2021.05.04"]
[WhiteClock "0:00:27"]
[BlackClock "0:00:01"]

1. c4 c5 2. Nf3 g6 3. g3 Bg7 4. Bg2 Nf6 5. O-O O-O 6. d4 cxd4 7. Nxd4 Nc6 8. Nc3 Nxd4 9. Qxd4 d6 10. Qd3 Bf5 11. e4 Be6 12. b3 a5 13. Bb2 Nd7 14. Rad1 Nc5 15. Qe3 Qb6 16. Ba1 a4 17. Rb1 axb3 18. axb3 Qb4 19. Nd5 Bxd5 20. exd5 Bxa1 21. Rxa1 Rxa1 22. Rxa1 Qxb3 23. Qxe7 Qxc4 24. Qxd6 b5 25. Ra7 b4 26. Rc7 Qc1+ 27. Bf1 b3 28. Qxc5 Qd1 29. Qc1 Qxd5 30. Bc4 Qe5 31. Bxb3 h5 32. Qc4 Qf6 33. Rc6 Qf5 34. Bc2 Qf3 35. Rxg6+ 1-0


[Site "https://www.chess.com"]

[Event "Titled Tuesday Blitz May 4 2021"]
[White "Pichot, Alan"]
[Black "Espinosa Veloz, Ermes"]
[WhiteFideId "110973"]
[BlackFideId "3507424"]
[WhiteElo "2622"]
[BlackElo "2333"]
[Result "1-0"]
[Round "02"]
[TimeControl "180+1"]
[Date "2021.05.04"]
[WhiteClock "0:00:07"]
[BlackClock "0:00:12"]

1. e4 c6 2. Nf3 d5 3. d3 Qc7 4. exd5 cxd5 5. c4 Nf6 6. Nc3 dxc4 7. dxc4 e6 8. g3 Be7 9. Bf4 Qa5 10. Bg2 O-O 11. O-O Nc6 12. a3 Rd8 13. Qe2 Bd7 14. b4 Qh5 15. Rfd1 Be8 16. h3 h6 17. Nb5 a6 18. Nc3 g5 19. Bc7 Rxd1+ 20. Rxd1 g4 21. Ne1 gxh3 22. Qxh5 Nxh5 23. Bxh3 Rc8 24. Bb6 Ne5 25. c5 Nc4 26. Ne4 Nxb6 27. cxb6 Ba4 28. Rd2 Rc1 29. Re2 Bb5 30. Re3 f5 31. Nc3 Bc4 32. Bf1 Bxf1 33. Kxf1 Kf7 34. Ne2 Ra1 35. Nd4 f4 36. gxf4 Nxf4 37. Rf3 e5 38. Ne2 Bg5 39. Nxf4 Bxf4 40. Rd3 Ke6 41. Ke2 e4 42. Rc3 Ra2+ 43. Kf1 Be3 44. Rxe3 Ke5 45. Rh3 Kf4 46. Rxh6 Rxa3 47. Rf6+ Ke5 48. Rf7 Rb3 49. Nc2 Rb2 50. Rc7 Rb1+ 51. Ke2 Rb3 52. Rxb7 Rc3 53. Kd2 Rb3 54. Rc7 Rd3+ 55. Ke2 Rd6 56. b7 Rb6 57. Ne3 Rxb4 58. Nc4+ Kd4 59. Na5 Rb2+ 60. Kf1 Ke5 61. Rc8 Rb1+ 62. Kg2 e3 63. b8=Q+ Rxb8 64. Rxb8 e2 65. Re8+ 1-0


[Site "https://www.chess.com"]

[Event "Titled Tuesday Blitz May 4 2021"]
[White "Pile, Richard"]
[Black "Mamedyarov, Shakhriyar"]
[WhiteFideId "624110"]
[BlackFideId "13401319"]
[WhiteElo "2376"]
[BlackElo "2716"]
[Result "0-1"]
[Round "02"]
[TimeControl "180+1"]
[Date "2021.05.04"]
[WhiteClock "0:00:20"]
[BlackClock "0:01:43"]

1. Nf3 Nf6 2. g3 g6 3. Bg2 Bg7 4. O-O O-O 5. d4 d6 6. a4 Nbd7 7. a5 c5 8. Nc3 Rb8 9. e4 cxd4 10. Nxd4 a6 11. h3 Ne5 12. Nb3 Be6 13. Nd5 Nxd5 14. exd5 Bd7 15. c3 Rc8 16. Nd4 Rc5 17. Qb3 Qc8 18. Bg5 Re8 19. Kh2 h6 20. Be3 Nc4 21. Rfe1 Rxa5 22. Rad1 Ba4 0-1


[Site "https://www.chess.com"]

[Event "Titled Tuesday Blitz May 4 2021"]
[White "Pinto, Daniel"]
[Black "Perez Gormaz, Matias"]
[WhiteFideId "3303144"]
[BlackFideId "3406342"]
[WhiteElo "1936"]
[BlackElo "2414"]
[Result "1-0"]
[Round "02"]
[TimeControl "180+1"]
[Date "2021.05.04"]
[WhiteClock "0:00:04"]
[BlackClock "0:00:01"]

1. e4 c5 2. Nf3 d6 3. c3 Nf6 4. Be2 g6 5. O-O Bg7 6. d3 O-O 7. h3 Nc6 8. a3 e5 9. b4 a6 10. Be3 cxb4 11. axb4 d5 12. b5 Ne7 13. Nbd2 Be6 14. bxa6 bxa6 15. Qa4 Qc7 16. Qa5 Qxa5 17. Rxa5 Nc6 18. Ra3 Rfc8 19. Rfa1 a5 20. exd5 Nxd5 21. Ne4 Nxe3 22. fxe3 Bf8 23. Ra4 Kg7 24. c4 Bb4 25. Kf2 h6 26. g4 f5 27. gxf5 gxf5 28. Rg1+ Kf7 29. Ned2 Rg8 30. Raa1 a4 31. Rxg8 Kxg8 32. d4 e4 33. d5 exf3 34. Nxf3 Bd7 35. dxc6 Bxc6 36. Nd4 Bd7 37. Bf3 Rc8 38. Bd5+ Kh7 39. Kf3 Bc3 40. Ra2 Rb8 41. Ne6 Rb1 42. Nf8+ Kg7 43. Nxd7 Rf1+ 44. Ke2 Re1+ 45. Kd3 Bb4 46. Nb6 Bc5 47. Nxa4 Rxe3+ 48. Kd2 Bd4 49. Nb2 Rxh3 50. Kc2 Kf6 51. Ra6+ Ke5 52. Nd3+ Rxd3 53. Kxd3 1-0


[Site "https://www.chess.com"]

[Event "Titled Tuesday Blitz May 4 2021"]
[White "Piorun, Kacper"]
[Black "Gevorgyan, David Sh."]
[WhiteFideId "1130420"]
[BlackFideId "13303244"]
[WhiteElo "2535"]
[BlackElo "2255"]
[Result "1-0"]
[Round "02"]
[TimeControl "180+1"]
[Date "2021.05.04"]
[WhiteClock "0:01:57"]
[BlackClock "0:00:40"]

1. e4 c5 2. Nf3 Nf6 3. Nc3 d5 4. exd5 Nxd5 5. g3 Nxc3 6. bxc3 Nc6 7. Bg2 e5 8. O-O Bd6 9. d3 O-O 10. Rb1 Qc7 11. Ng5 h6 12. Ne4 Be7 13. g4 Be6 14. Be3 b6 15. f4 f5 16. gxf5 Bxf5 17. Ng3 Bd7 18. f5 Rad8 19. Qh5 Be8 20. Qg4 Bf6 21. Bxh6 e4 22. Nxe4 Ne5 23. Qg3 Rd7 24. Bf4 Re7 25. Rbe1 1-0


[Site "https://www.chess.com"]

[Event "Titled Tuesday Blitz May 4 2021"]
[White "Plotnikov, Pavel"]
[Black "Carrasco Miranda, Andres"]
[WhiteFideId "4170342"]
[BlackFideId "3405990"]
[WhiteElo "2298"]
[BlackElo "2177"]
[Result "1-0"]
[Round "02"]
[TimeControl "180+1"]
[Date "2021.05.04"]
[WhiteClock "0:01:33"]
[BlackClock "0:01:42"]

1. e4 c5 2. Nf3 d6 3. d4 cxd4 4. Nxd4 Nf6 5. Nc3 a6 6. Be3 e5 7. Nf3 Be6 8. a4 Be7 9. Be2 h6 10. O-O Nbd7 11. Nd5 Rc8 12. Nxe7 Qxe7 13. Bd3 Nc5 14. Bxc5 Rxc5 15. Qd2 O-O 16. Qb4 Rfc8 17. Rad1 Bc4 18. Bxc4 Rxc4 19. Qxd6 Qxd6 20. Rxd6 Rxe4 21. c3 Re2 22. Rfd1 Rxb2 23. Nxe5 Rxc3 24. Rd8+ Kh7 25. Nxf7 Rcc2 26. Rh8+ Kg6 27. Ne5+ Kf5 28. Nd3 Rd2 29. Nxb2 Rxb2 30. Rb8 Ne4 31. Re1 b5 32. axb5 axb5 33. Re8 Nf6 34. R8e5+ Kf4 35. g3+ Kg4 36. Kg2 1-0


[Site "https://www.chess.com"]